 Dungeon Crawl Stone Soup version 0.26.1-11-gd32895ea62 (webtiles) character file.

Game seed: 11693362835186024816

113 Zeld the Sneak (level 4, -2/29 HPs)
             Began as an Octopode Brigand on May 13, 2021.
             Slain by a jelly (3 damage)
             ... on level 3 of the Dungeon.
             The game lasted 00:04:09 (2386 turns).

Zeld the Sneak (Octopode Brigand)                   Turns: 2386, Time: 00:04:10

Health: -2/29      AC:  1    Str: 11    XL:     4   Next: 96%
Magic:  4/4        EV: 13    Int: 13    God:
Gold:   145        SH:  0    Dex: 13    Spells: 3/3 levels left

rFire    . . .     SeeInvis .   d - +2 dagger (protect)
rCold    . . .     Faith    .   (no shield)
rNeg     . . .     Spirit   .   (helmet restricted)
rPois    .         Reflect  .   (no amulet)
rElec    .         Harm     .   (no ring)
rCorr    .         Rampage  .   (no ring)
Will     .....                  (no ring)
Stlth    ++++......             (no ring)
HPRegen  0.09/turn              (no ring)
MPRegen  0.09/turn              (no ring)
                                (no ring)
                                (no ring)

@: no status effects
A: almost no armour, stealthy swim, amphibious, 8 rings, constrict 8, camouflage
1, gelatinous body 1
a: no special abilities


You were on level 3 of the Dungeon.
You visited 1 branch of the dungeon, and saw 3 of its levels.

You collected 145 gold pieces.

Inventory:

Hand Weapons
 a - a +2 dagger
 d - a +2 dagger of protection (weapon)
Missiles
 b - 30 poisoned darts (quivered)
 c - 2 curare-tipped darts
Scrolls
 e - 2 scrolls of fog {unknown}
 g - a scroll of fear {unknown}
 h - a scroll of identify {unknown}
 i - a scroll of teleportation {unknown}
Potions
 f - 3 potions of flight {unknown}


   Skills:
 - Level 2.0 Fighting
 - Level 2.0 Short Blades
 * Level 5.0 Throwing
 - Level 1.0 Dodging
 - Level 5.3 Stealth


You had 3 spell levels left.
You didn't know any spells.
Your spell library was empty.

Dungeon Overview and Level Annotations

Branches:
Dungeon (3/15)

Altars:

Annotations:
D:3 Grinder, Natasha


Innate Abilities, Weirdness & Mutations

You cannot wear most types of armour.
You are very stealthy in the water. (Stealth+)
You are amphibious.
You can wear up to eight rings at the same time.
You can use your tentacles to constrict eight enemies at once.
Your skin changes colour to match your surroundings (Stealth+).
Your rubbery body absorbs attacks. (AC +1, EV +1)


Message History

The jelly hits you but does no damage.
You hit the jelly.
Your tentacles burn!
The jelly is lightly wounded.
The jelly hits you. The acid corrodes you!
You are splashed with acid!
* * * LOW HITPOINT WARNING * * *
You are too injured to fight recklessly!
You are too injured to fight recklessly!
You are too injured to fight recklessly!
You see here a goblin corpse.
Okay, then.
Okay, then.
There is a stone staircase leading up here.
You are no longer corroded.
You hear the rusting of a distant drain.
You see here a bubbling emerald potion.
There is an escape hatch in the ceiling here.
The leopard gecko bites you.
* * * LOW HITPOINT WARNING * * *
The leopard gecko barely misses you. The jelly hits you.
You die...

...................).).(.........
...$..#.......#............#'#...
......#.......................††.
.....>...........)†...........<†.
.........#...........##...#...##.
..................#†.##...#...##.
...............)..#...........##.
............#.................##.
............#...@.............##.
............##..lJ...............
##..........##...................
............##.................
............##...!...#+##
....###..............#
.######..............#
.....................#
.....................#


You could see a jelly and a leopard gecko.

Vanquished Creatures
  4 adders
  An ooze (D:1)
  2 worms (D:2)
  2 dart slugs (D:2)
  A leopard gecko (D:1)
  An orc (D:3)
  7 bats
  2 giant cockroaches (D:1)
  6 goblins
  5 hobgoblins
  4 jackals (D:1)
  6 kobolds
  4 ball pythons
  7 frilled lizards
  10 rats
62 creatures vanquished.

Notes
Turn   | Place    | Note
-------+----------+-------------------------------------------
     0 | D:1      | Zeld the Octopode Brigand began the quest for the Orb.
     0 | D:1      | Reached XP level 1. HP: 14/14 MP: 1/1
   258 | D:1      | Reached XP level 2. HP: 4/19 MP: 2/2
   755 | D:1      | You fall into a shaft and drop 1 floor!
   802 | D:2      | Reached XP level 3. HP: 24/24 MP: 3/3
  1458 | D:2      | Reached XP level 4. HP: 29/29 MP: 4/4
  2242 | D:3      | Noticed Natasha
  2322 | D:3      | Noticed Grinder
  2357 | D:3      | Reached skill level 5 in Throwing
  2386 | D:3      | HP: 1/29 [leopard gecko (4)]
  2386 | D:3      | Slain by a jelly

Illustrated notes

Levels and vault maps discovered:
D:1:      dpeg_arrival_shelter, layout_basic
D:2:      layout_loops_cross
D:3:      layout_basic, nicolae_dithmenos_shadow_blocks, cheibriados_altar_1,
          gup_sewer_entry_pipe, minmay_puff, uniq_natasha, uniq_grinder

Skill      XL: |  1  2  3  4 |
---------------+-------------+-----
Throwing       | 3 4 5 |  5.0
Fighting       | |  2.0
Short Blades   | |  2.0
Dodging        | |  1.0
Stealth        | |  5.3

Action                   |  1- 3 |  4- 6 || total
-------------------------+-------+-------++-------
Melee: Dagger            |    68 |    44 ||   112
       Constrict         |    15 |    12 ||    27
       Tentacles         |    12 |     7 ||    19
 Stab: Sleeping          |    10 |     6 ||    16
Armor: Skin              |    11 |     8 ||    19
Dodge: Dodged            |    46 |    20 ||    66
